cohdb
Replays
Latest Replays
All Replays
Popular Replays
Top Player Replays
Match Explorer
How It Works
Community
CoH3 Stats
Reddit
Sign in to upload your games and track your stats! →
Sign in with Steam
Match 43966786
Unlisted
Match 43966786
Overview
Messages
Build Orders
End
Kettenkrad Recon Vehicle
Construct Infanterie Kompanie
Grenadier Squad
Grenadier Squad
GrW 34 Mortar Team
Construct Luftwaffe Kompanie
Medical Station
Pioneer Squad
Support Elements
Selects Mechanized Battlegroup
Selects Raid Package
Wirbelwind Flakpanzer
Jäger Squad
Marder III M Tank Destroyer
Selects StuG Assault Group
Pioneer Squad
Marder III M Tank Destroyer
CDI
Kenneth HU
matchh00
SydneyAngel
Beanie Beans
Legned00
Front Man
Pycak86
0
0
Comments
sign in to comment!
No comments posted yet!